Map: Abyssal Reef LE

Players

SeaGeX

  • Race: Protoss Protoss
  • League: Gold
  • Spawn Location: 5:00

Juxtapose - Winner!

  • Race: Terran Terran
  • Spawn Location: 11:00

VOD

https://youtu.be/zKe84XBbjG4

Description

Another match against a Photon Canon rushing opponent, which caused me to abandon my Main, and ultimately partly abandon my re-set up Base.

A fun match, and one where I'm glad I was able to make that secret Expansion. Widow Mines prove invaluable as well!

Time

  • Played on: June 8, 2017, 7:49 p.m.
  • Length: 15:01
Show
View Real Time Build Order
Export as new Build Order

SeaGeX Protoss 

Build Orders: Cannon Rush 

Get SALT Encoding   

  12  0:00  Probe (Chrono Boost)  
  13  0:11  Probe (Chrono Boost)  
  14  0:18  Pylon  
  14  0:22  Probe (Chrono Boost)  
  15  0:36  Probe (Chrono Boost)  
  15  0:38  Forge  
  16  0:47  Probe (Chrono Boost)  
  17  0:57  Probe (Chrono Boost)  
  18  1:06  Pylon  
  18  1:10  Pylon  
  18  1:12  Pylon  
  18  1:17  Pylon  
  18  1:30  Photon Cannon  
  17  1:44  Photon Cannon  
  17  1:48  Photon Cannon  
  17  1:53  Pylon  
  17  2:02  Pylon  
  17  2:11  Photon Cannon  
  17  2:20  Photon Cannon  
  17  2:30  Photon Cannon  
  17  2:41  Photon Cannon  
  17  2:47  Pylon  
  17  3:05  Pylon  
  17  3:11  Photon Cannon  
  17  3:15  Pylon  
  17  3:17  Assimilator  
  17  3:22  Assimilator  
  17  3:28  Probe (Chrono Boost)  
  18  3:38  Gateway, Probe (Chrono Boost)  
  19  3:49  Probe (Chrono Boost)  
  20  4:05  Pylon  
  20  4:09  Probe (Chrono Boost)  
  21  4:15  Pylon  
  21  4:17  Pylon  
  21  4:19  Probe (Chrono Boost)  
  22  4:36  Zealot  
  23  4:51  Cybernetics Core  
  23  4:56  Probe (Chrono Boost)  
  23  4:58  Gateway  
  24  5:04  Pylon  
  24  5:11  Probe (Chrono Boost)  
  25  5:16  Warp Gate  
  25  5:20  Gateway  
  25  5:32  Stalker  
  27  5:42  Probe (Chrono Boost)  
  28  5:52  Robotics Facility  
  28  6:35  Immortal  
  32  6:54  Pylon  
  32  7:08  Pylon  
  32  7:10  Immortal  
  35  7:24  Stalker x2  
  35  7:25  Stalker  
  41  7:44  Warp Prism  
  43  7:56  Stalker x3  
  49  8:20  Zealot  
  49  8:21  Zealot  
  49  8:22  Zealot  
  41  8:45  Zealot x2  
  41  8:46  Zealot  
  35  8:58  Warp Prism  
  35  9:09  Stalker x2  
  41  9:11  Zealot  
  37  9:43  Zealot  
  37  9:44  Zealot x2  
  33  10:23  Stalker x2  
  33  10:24  Stalker  
  33  10:47  Stargate  
  29  10:59  Zealot x2  
  29  11:22  Zealot  
  29  11:23  Zealot x2  
  31  11:45  Void Ray  
  29  13:05  Nexus  
  25  13:42  Observer  
  26  14:00  Probe (Chrono Boost)  
  27  14:21  Oracle  
Show
View Real Time Build Order
Export as new Build Order

Juxtapose Terran - Winner!

Build Orders:  

Get SALT Encoding   

  12  0:01  SCV  
  13  0:13  SCV  
  14  0:26  Supply Depot  
  14  0:27  SCV  
  15  0:48  SCV  
  16  0:50  Barracks  
  16  0:59  Refinery  
  16  1:00  SCV  
  17  1:12  SCV  
  18  1:24  SCV  
  19  1:31  Barracks  
  19  1:36  SCV  
  20  2:04  Orbital Command  
  18  2:13  Marine  
  18  2:50  Orbital Command  
  6  3:19  SCV  
  7  3:26  Marine  
  8  3:31  Supply Depot, SCV  
  9  3:40  Refinery  
  9  3:43  SCV  
  9  3:44  Marine  
  10  3:55  SCV  
  11  4:00  Marine  
  11  4:01  Marine  
  13  4:07  SCV  
  14  4:26  Factory  
  14  4:42  Marine  
  14  4:43  Marine, SCV  
  17  4:56  SCV  
  18  5:08  SCV  
  19  5:16  Barracks Tech Lab  
  19  5:18  Barracks Reactor  
  19  5:20  SCV  
  20  5:21  Command Center  
  20  5:29  Supply Depot  
  20  5:32  SCV  
  21  5:39  Factory Reactor  
  21  5:41  Combat Shields  
  21  5:46  Marauder  
  23  5:52  Supply Depot  
  23  5:56  SCV  
  24  6:03  Factory Tech Lab  
  24  6:08  Marauder, SCV  
  27  6:18  Marine x2  
  29  6:21  SCV  
  29  6:23  Siege Tank  
  33  6:29  Marine  
  34  6:33  SCV  
  34  6:35  Orbital Command  
  35  6:45  SCV  
  35  6:46  Marine  
  37  6:52  Refinery  
  37  6:55  Siege Tank  
  37  6:56  Marine x2  
  42  7:05  Marauder  
  44  7:11  SCV  
  45  7:16  SCV  
  45  7:21  Marine x2  
  48  7:23  SCV  
  48  7:26  Marine  
  48  7:28  SCV  
  51  7:35  SCV  
  52  7:40  SCV  
  52  7:43  Marine  
  54  7:44  Concussive Shells  
  54  8:11  Supply Depot  
  54  8:27  Marine  
  54  8:30  SCV x2  
  54  8:32  Siege Tank, Marine x2  
  59  8:34  Supply Depot  
  50  8:42  SCV  
  50  8:45  Marine  
  43  8:50  Marine x2  
  43  8:54  SCV  
  39  9:04  Siege Tank, Marine  
  39  9:06  SCV  
  39  9:08  Marine x2  
  46  9:18  SCV  
  46  9:22  Marauder  
  48  9:25  Marine  
  43  9:36  Siege Tank  
  36  9:44  Marauder  
  34  9:49  Marine x2  
  26  10:04  Marine  
  27  10:07  Marine x2  
  27  10:10  Widow Mine  
  22  10:19  Orbital Command  
  21  10:22  Marine  
  21  10:25  Marine x2  
  18  10:38  Widow Mine  
  18  10:40  Marine  
  20  10:42  Marine  
  20  10:43  Marine  
  20  10:58  Marine  
  20  11:01  Barracks  
  20  11:02  SCV  
  22  11:06  Refinery  
  22  11:07  Widow Mine  
  21  11:14  SCV  
  21  11:16  Marine  
  22  11:28  SCV  
  23  11:35  Widow Mine  
  23  11:39  SCV  
  27  11:41  SCV  
  26  11:51  SCV  
  26  11:53  SCV  
  28  11:56  Barracks Reactor  
  28  12:02  Starport  
  28  12:03  SCV  
  28  12:05  Barracks, SCV  
  30  12:17  SCV  
  28  12:29  SCV  
  29  12:37  Marine x2  
  29  12:41  SCV  
  29  12:43  Starport Reactor  
  32  12:47  Siege Tank  
  35  12:53  SCV  
  35  12:55  Marine  
  38  13:05  SCV  
  38  13:07  Barracks Tech Lab  
  37  13:17  Marine x2, SCV  
  37  13:19  Siege Tank  
  43  13:29  SCV  
  44  13:35  Marine x2  
  44  13:38  Marine  
  47  13:42  SCV  
  48  13:51  Siege Tank  
  48  13:53  Marine x2  
  48  13:54  SCV  
  54  13:56  Marine  
  54  14:02  Viking  
  57  14:06  SCV  
  58  14:10  Marine x2  
  58  14:14  Marine  
  61  14:18  SCV  
  62  14:30  SCV  
  62  14:31  Marine x3  
  64  14:38  Engineering Bay  
Tags
 
League
Gold
Matchup
PvT
Spawn Locations
Cross Positions
Add a new tag
Caveats
  • Supply blocks, unpowered buildings, or Contaminate may cause inaccurate times.
  • Supply counts are checked every 10 seconds.